 Dungeon Crawl Stone Soup version 0.31-a0-214-gb37851dbb3 (webtiles) character file.

Game seed: 15127901744150841908

553 nono the Trooper (level 7, 0/75 HPs)
             Began as an Ogre Fighter on July 1, 2023.
             Was an Initiate of Okawaru.
             Slain by Maggie
             ... wielding a +2 heavy war axe
              (19 damage)
             ... on level 5 of the Dungeon.
             The game lasted 00:10:25 (5003 turns).

nono the Trooper (Ogre Fighter)                     Turns: 5003, Time: 00:10:25

Health: 0/75       AC:  3    Str: 23    XL:     7   Next: 29%
Magic:  7/7        EV: 10    Int:  9    God:    Okawaru [......]
Gold:   110        SH: 14    Dex: 12    Spells: 6/6 levels left

rFire   + . .        B - +7 hand axe of Dismay {pain, Dex+4}
rCold   + . .        c - +0 kite shield
rNeg    . . .        b - +0 robe
rPois   .            (helmet restricted)
rElec   .            g - scarf {rC+ rF+}
rCorr   .            (gloves unavailable)
SInv    .            (boots unavailable)
Will    .....        k - amulet of reflection
Stlth   +            (no ring)
HPRegen 0.32/turn    (no ring)
MPRegen 0.10/turn

%: reflection
@: mighty
A: large, unfitting armour, tough skin 1
a: Renounce Religion


You were on level 5 of the Dungeon.
You worshipped Okawaru.
Okawaru was noncommittal.
You visited 1 branch of the dungeon, and saw 6 of its levels.

You collected 262 gold pieces.
You spent 152 gold pieces at shops.

Inventory:

Hand Weapons
 a - a +0 flail
 i - a +4 short sword
 s - a +0 dagger of venom
 B - the +7 hand axe of Dismay (weapon) {pain, Dex+4}
   (You bought it in a shop on level 3 of the Dungeon)

   Dex:       It affects your dexterity (+4).
Missiles
 m - 6 boomerangs (quivered)
 r - 16 poisoned darts
 E - a throwing net
Armour
 b - a +0 robe (worn)
 c - a +0 kite shield (worn)
 g - a scarf of resistance (worn)
 C - a +0 tower shield
Jewellery
 f - an amulet of faith
 k - an amulet of reflection (around neck)
Wands
 w - a wand of acid (9)
 x - a wand of polymorph (6)
Scrolls
 l - 3 scrolls of teleportation {unknown}
 n - 2 scrolls of vulnerability {unknown}
 o - a scroll of brand weapon
 u - a scroll of silence {unknown}
 y - a scroll of fog {unknown}
 z - a scroll of immolation {unknown}
 A - 2 scrolls of enchant weapon {unknown}
Potions
 e - 2 potions of brilliance
 h - a potion of lignification
 j - 2 potions of attraction {unknown}
 p - 3 potions of curing {unknown}
 q - 2 potions of magic
 t - a potion of berserk rage
 v - a potion of cancellation
 D - a potion of degeneration {unknown}


   Skills:
 + Level 6.3 Fighting
 - Level 2.3 Maces & Flails
 + Level 3.2 Throwing
 + Level 4.2 Dodging
 + Level 4.7 Shields


You had 6 spell levels left.
You didn't know any spells.
Your spell library contained the following spells:

 Spells                   Type           Power      Damage    Failure   Level
 Magic Dart               Conj           0%         1d3       65%         1
 Slow                     Hex            0%         N/A       65%         1
 Ensorcelled Hibernation  Hex/Ice        0%         N/A       78%         2
 Passwall                 Tmut/Erth      0%         N/A       78%         2
 Searing Ray              Conj           0%         2d4       78%         2
 Confusing Touch          Hex            0%         N/A       95%         3
 Inner Flame              Hex/Fire       0%         N/A       95%         3
 Swiftness                Air            0%         N/A       95%         3
 Vampiric Draining        Necr           0%         2d6       95%         3
 Fulminant Prism          Conj/Hex       0%         3d5       100%        4
 Yara's Violent Unravell  Hex/Tmut       0%         3d3       100%        5
 Eringya's Noxious Bog    Tmut/Pois      0%         N/A       100%        6
 Enfeeble                 Hex            0%         N/A       100%        7
 Summon Forest            Summ/Tloc      Unusable   N/A       N/A         5
 Summon Hydra             Summ           Unusable   N/A       N/A         7

Dungeon Overview and Level Annotations

Branches:
Dungeon (6/15)
 Temple: D:4-7

Altars:
Okawaru
Ru
Sif Muna
Vehumet

Shops:
D:3 (

Annotations:
D:5 Maggie


Innate Abilities, Weirdness & Mutations

You are too large for most types of armour.
You have tough skin. (AC +1)


Message History

You climb downwards.
There is a stone staircase leading up here.
You can no longer gain great but temporary skills.
There is a stone staircase leading down here.
You climb downwards.
Maggie shouts!
The ufetubus shouts!
The orc shouts!
Found a scroll labelled JEMITSU IRRALI and 17 gold pieces.
Found two stone staircases leading up.
There is a stone staircase leading up here.
You feel very mighty all of a sudden. You block the ufetubus's attack.
The ufetubus barely misses you. You block the ufetubus's attack.
The ufetubus hits you.
Maggie hits you with a +2 heavy war axe!
You climb upwards.
There is a stone staircase leading down here.
You slash Maggie!
Maggie is moderately wounded.
You closely miss the ufetubus. The ufetubus closely misses you.
The ufetubus misses you.
You hit Maggie.
Maggie is moderately wounded.
You closely miss the ufetubus. You block the ufetubus's attack. x2
Maggie hits you with a +2 heavy war axe!
The ufetubus hits you. The ufetubus closely misses you.
You completely miss Maggie.
Maggie is moderately wounded.
You closely miss the ufetubus. You block the ufetubus's attack.
The ufetubus hits you.
Maggie hits you with a +2 heavy war axe!!
* * * LOW HITPOINT WARNING * * *
The ufetubus misses you.
The ufetubus hits you but does no damage.
You slash Maggie!
Maggie is heavily wounded.
You hit the ufetubus. You block the ufetubus's attack. x2
The ufetubus hits you.
* * * LOW HITPOINT WARNING * * *
You block the ufetubus's attack.
Maggie hits you with a +2 heavy war axe!!
You die...

#..........# #.#........# #
#.######.#.# #.#.######.# #
#.# #.#.# #.#.# #.# # #.#
#.#.# #.#.# #.# # #.# #.#.#
#.#.# #.# # #.# #.#.# #.#.#
#.# # #.# #.#.# #.#.# #.# #
#.# #.#5# #.#.######.###
#.# #.#@###.#...........
#.######.#@....########.###
#.......................###
########...................
#.################## ###


You could see Maggie and an ufetubus.

Vanquished Creatures
  2 scorpions (D:4)
  2 hounds
  A jelly (D:5)
  A gnoll bouda (D:5)
  2 orc wizards (D:5)
  8 gnolls
  11 adders
  A white imp (D:5)
  A dart slug (D:1)
  10 orcs
  11 ball pythons
  2 bats
  9 endoplasms
  2 giant cockroaches
  7 goblins
  3 hobgoblins
  7 quokkas
  4 frilled lizards
  7 kobolds
  2 rats
93 creatures vanquished.

Notes
Turn   | Place    | Note
-------+----------+-------------------------------------------
     0 | D:1      | nono the Ogre Fighter began the quest for the Orb.
     0 | D:1      | Reached XP level 1. HP: 24/24 MP: 1/1
   206 | D:1      | Reached XP level 2. HP: 29/32 MP: 2/2
   959 | D:2      | Reached XP level 3. HP: 40/40 MP: 3/3
  1121 | D:2      | Reached XP level 4. HP: 32/49 MP: 4/4
  1209 | D:2      | Reached skill level 1 in Throwing
  1931 | D:3      | Found Jikollo's Antique Weapon Emporium.
  2249 | D:4      | Found a shimmering blue altar of Sif Muna.
  2279 | D:4      | Reached skill level 5 in Fighting
  2279 | D:4      | Reached XP level 5. HP: 56/57 MP: 5/5
  2728 | D:4      | Reached XP level 6. HP: 62/66 MP: 6/6
  2950 | D:3      | Bought a jewelled hand axe for 152 gold pieces
  2950 | D:3      | Identified the +7 hand axe of Dismay {pain, Dex+4} (You
                  | bought it in a shop on level 3 of the Dungeon)
  3069 | D:4      | Found an iron altar of Okawaru.
  3076 | D:4      | Became a worshipper of Warmaster Okawaru
  3278 | D:5      | Entered Level 5 of the Dungeon
  3309 | D:5      | Found a radiant altar of Vehumet.
  3745 | D:5      | Reached skill level 6 in Fighting
  3745 | D:5      | Reached XP level 7. HP: 44/75 MP: 7/7
  4186 | D:5      | Reached * piety under Okawaru
  4631 | D:5      | Found a sacrificial altar of Ru.
  4996 | D:6      | Noticed Maggie
  5003 | D:5      | Slain by Maggie

Illustrated notes

Levels and vault maps discovered:
D:1:      reono_arrival_forest_river, layout_basic
D:2:      layout_rooms, dreamdust_princess_bridge
D:3:      layout_loops_cross, serial_shops, nicolae_diamond_shop
D:4:      layout_basic, mainiacjoe_overflow_catch_the_wave, grunt_ministairs_10,
          kennysheep_generic_room_13
D:5:      layout_basic, kennysheep_mini, lemuel_tele_altar
D:6:      layout_rooms, temple_doors_e, uniq_maggie

Skill      XL: |  1  2  3  4  5  6  7 |
---------------+----------------------+-----
Maces & Flails | 2 |  2.3
Dodging        | 3 4 |  4.2
Throwing       | 1 2 3 |  3.2
Fighting       | 5 6 |  6.3
Shields        | 4 |  4.7

Action                     |  1- 3 |  4- 6 |  7- 9 || total
---------------------------+-------+-------+-------++-------
  Melee: Flail             |    51 |       |       ||    51
         Short sword       |     7 |       |       ||     7
         Dagger            |     7 |   144 |       ||   151
         Hand axe          |       |    39 |    24 ||    63
  Throw: Boomerang         |     9 |     3 |     3 ||    15
    Use: Scroll            |       |     6 |       ||     6
         Potion            |       |       |     1 ||     1
   Stab: Sleeping          |       |     1 |     1 ||     2
 Armour: Robe              |    10 |    31 |     2 ||    43
  Dodge: Dodged            |    26 |    37 |     8 ||    71
  Block: Kite shield       |    42 |    94 |    22 ||   158
         Reflection        |       |     5 |       ||     5

Table legend: (Time is in decaauts)
 A = Elapsed time spent in this place.
 B = Non-inter-level travel time spent in this place.
 C = Inter-level travel time spent in this place.
 D = Time resting spent in this place.
 E = Time spent auto-exploring this place.
 F = Levels seen in this place.
 G = Mean time per level.
                   A        B        C        D        E       F      G
               +--------+--------+--------+--------+--------+-----+--------+
         Total |   5069 |   4836 |    233 |     59 |   3908 |   6 |  844.8 |
       Dungeon |   5069 |   4836 |    233 |     59 |   3908 |   6 |  844.8 |
               +--------+--------+--------+--------+--------+-----+--------+

Top non-repeatable levels by time:
     D:5: 1738 daAuts
     D:4: 1144 daAuts
     D:1: 888 daAuts
     D:3: 731 daAuts
     D:2: 564 daAuts
     D:6: 2 daAuts
